 Dungeon Crawl Stone Soup version 0.22.1-2-g9c5b331 (webtiles) character file.

184 Matador8 the Insei (level 5, 0/37 HPs)
             Began as a Merfolk Transmuter on Dec 19, 2018.
             Killed from afar by an orc wizard (11 damage)
             ... with a puff of flame
             ... on level 4 of the Dungeon.
             The game lasted 00:15:34 (3224 turns).

Matador8 the Insei (Merfolk Transmuter)             Turns: 3224, Time: 00:15:35

Health: 0/37       AC:  2    Str: 10    XL:     5   Next: 64%
Magic:  4/8        EV: 13    Int: 14    God:
Gold:   118        SH:  0    Dex: 14    Spells: 2/8 levels left

rFire    . . .     SeeInvis .     - Unarmed
rCold    . . .     Gourm    .   (no shield)
rNeg     . . .     Faith    .   b - +0 robe
rPois    .         Spirit   .   (no helmet)
rElec    .         Reflect  .   (no cloak)
rCorr    .         Harm     .   (no gloves)
MR       .....                  (no boots)
Stlth    +.........             (no amulet)
HPRegen  0.12/turn              (no ring)
MPRegen  0.11/turn              (no ring)

@: appendage
A: change form in water, swift swim, stealthy swim, horns 2
a: End Transformation


You were on level 4 of the Dungeon.
You were not hungry.
You had grown temporary horns.
You visited 1 branch of the dungeon, and saw 4 of its levels.

You collected 118 gold pieces.

Inventory:

Hand Weapons
 k - a cursed -3 spear
Missiles
 a - 39 arrows
 n - 12 poisoned needles
Armour
 b - a +0 robe (worn)
 l - a +0 scale mail
 q - a +0 leather armour
 r - a +0 buckler
Jewellery
 p - an uncursed ring of wizardry {unknown}
 t - an uncursed amulet of faith {unknown}
 u - an uncursed ring of fire {unknown}
Wands
 x - a wand of acid (12)
Scrolls
 f - 2 scrolls of enchant armour {unknown}
 g - 4 scrolls of teleportation {unknown}
 o - 3 scrolls of remove curse {unknown}
 s - a scroll of fear {unknown}
Potions
 c - a potion of agility {unknown}
 e - 3 potions of curing
 h - a potion of haste {unknown}
 i - 2 potions of brilliance {unknown}
 j - 2 potions of berserk rage {unknown}
 m - a potion of magic {unknown}
 v - 2 potions of lignification {unknown}
 w - a potion of might {unknown}
Comestibles
 d - 9 rations
 z - 3 chunks of flesh


   Skills:
 - Level 1.1 Fighting
 - Level 2.6 Dodging
 * Level 5.6 Unarmed Combat
 - Level 2.0 Spellcasting
 - Level 5.0 Transmutations


You had 2 spell levels left.
You knew the following spells:

 Your Spells              Type           Power        Failure   Level  Hunger
a - Beastly Appendage     Tmut           ###...       3%          1    ##.....
b - Sticks to Snakes      Tmut           ###.....     4%          2    ###....
c - Spider Form           Tmut/Pois      #.........   26%         3    ####...

Your spell library contained the following spells:

 Spells                   Type           Power        Failure   Level  Hunger
 Ice Form                 Ice/Tmut       #.......     63%         4    #####..
 Blade Hands              Tmut           ###.......   63%         5    ######.


Dungeon Overview and Level Annotations

Branches:
Dungeon (4/15)
 Temple: D:4-7

Altars:
Ashenzari
Ru
Xom
The Shining One


Innate Abilities, Weirdness & Mutations

You revert to your normal form in water.
You are very nimble and swift while swimming.
You are very stealthy in the water. (Stealth+)
You have a pair of horns on your head.


Message History

Are you sure you want to stumble around while confused and next to your adder? [Y]es or [N]o only, please.
Are you sure you want to stumble around while confused and next to your adder? [Y]es or [N]o only, please.
Are you sure you want to stumble around while confused and next to your adder?
Okay, then.
Something hits you. Something misses your adder. Something hits your adder.
Something barely misses your adder. Something hits you but does no damage.
You hear some strange, mumbled words.
A puff of flame appears from out of thin air!
The puff of flame hits you!
* * * LOW HITPOINT WARNING * * *
It was a potion of curing.
You feel better.
You hear some strange, mumbled words.
A puff of flame appears from out of thin air!
The puff of flame hits you!
You die...

.. #.#....##
...........#
.. ........
.........##.#
..# ###..###
#.#########.#
.## .. ..
..#.# #.
#.#.# #o
#.#.# #o
#.#.#
#{#######.#.#
#S@S)......>#
#########.###
#.# #o# #.#
#.# #..# ...#
#o.?#


You could see an orc wizard, an orc and 2 friendly adders.

Vanquished Creatures
  Jessica (D:2)
  2 worker ants (D:4)
  2 adders (D:2)
  A worm (D:2)
  3 dart slugs (D:1)
  4 orcs
  2 giant cockroaches (D:3)
  15 goblins
  10 hobgoblins
  3 jackals (D:3)
  7 kobolds
  A quokka (D:4)
  5 bats
  2 frilled lizards
  7 rats
65 creatures vanquished.

Vanquished Creatures (collateral kills)
  An adder (D:3)
  An ooze (D:1)
  A worm (D:2)
  A dart slug (D:1)
  4 orcs
  3 goblins
  A jackal (D:3)
  A kobold (D:1)
  A bat (D:1)
  2 frilled lizards (D:3)
  A rat (D:3)
17 creatures vanquished.

Grand Total: 82 creatures vanquished

Notes
Turn   | Place    | Note
-------+----------+-------------------------------------------
     0 | D:1      | Matador8 the Merfolk Transmuter began the quest for the
                  | Orb.
     0 | D:1      | Reached XP level 1. HP: 15/15 MP: 3/3
    33 | D:1      | Reached XP level 2. HP: 12/21 MP: 5/5
    53 | D:1      | Learned a level 2 spell: Sticks to Snakes
   323 | D:1      | Reached XP level 3. HP: 25/26 MP: 3/6
   612 | D:1      | Learned a level 3 spell: Spider Form
   812 | D:2      | Found a shimmering altar of Xom.
   817 | D:2      | Found a shimmering altar of Xom.
   963 | D:2      | Reached XP level 4. HP: 29/32 MP: 7/7
  1119 | D:2      | Found a shimmering altar of Xom.
  1120 | D:2      | Found a shimmering altar of Xom.
  1132 | D:2      | Found a shimmering altar of Xom.
  1132 | D:2      | Found a shimmering altar of Xom.
  1211 | D:2      | Noticed Jessica
  1287 | D:2      | Killed Jessica
  1445 | D:2      | HP: 1/32 [orc/dagger (3)]
  2227 | D:3      | Found a shattered altar of Ashenzari.
  2227 | D:3      | Found a sacrificial altar of Ru.
  2228 | D:3      | Found a glowing golden altar of the Shining One.
  2284 | D:3      | Reached skill level 5 in Transmutations
  2316 | D:3      | Reached XP level 5. HP: 25/37 MP: 5/8
  2464 | D:3      | Reached skill level 5 in Unarmed Combat
  2680 | D:3      | HP: 1/37 [hobgoblin/club (2)]
  3224 | D:4      | Killed from afar by an orc wizard

Skill      XL: |  1  2  3  4  5 |
---------------+----------------+-----
Transmutations | 3 4 5 |  5.0
Unarmed Combat | 4 5 |  5.6
Fighting       | |  1.1
Dodging        | |  2.6
Spellcasting   | |  2.0

Action                   |  1- 3 |  4- 6 || total
-------------------------+-------+-------++-------
Melee: Unarmed           |   106 |   128 ||   234
       Headbutt          |     5 |    11 ||    16
       Punch             |     1 |     3 ||     4
 Cast: Beastly Appendage |     8 |    17 ||    25
       Sticks to Snakes  |     5 |    19 ||    24
       Spider Form       |       |     2 ||     2
  Use: Potion            |       |     1 ||     1
 Stab: Distracted        |     1 |       ||     1
       Sleeping          |       |     5 ||     5
  Eat: Chunk             |     1 |     9 ||    10
Armor: Robe              |    16 |    15 ||    31
Dodge: Dodged            |    69 |    71 ||   140
